 Dungeon Crawl Stone Soup version 0.25-a0-404-gc1b5a34292 (webtiles) character file.

Game seed: 18444382528771071376, levelgen mode: deterministic

11419 Karazaar the Geomancer (level 11, -1/64 HPs)
             Began as a Gargoyle Earth Elementalist on Jan 12, 2020.
             Was a Priest of Vehumet.
             Killed by divine providence
             ... invoked by an orc priest
              (12 damage)
             ... on level 11 of the Dungeon.
             The game lasted 00:38:55 (10654 turns).

Karazaar the Geomancer (GrEE)                      Turns: 10654, Time: 00:38:55

Health: -1/64      AC: 20    Str:  9    XL:     11   Next: 77%
Magic:  16/21      EV: 13    Int: 20    God:    Vehumet [***...]
Gold:   1911       SH:  0    Dex: 10    Spells: 10/24 levels left

rFire    . . .     SeeInvis +   j - +8 rapier of the Countless Hells {speed, +Fly rN+ Stlth+}
rCold    . . .     Gourm    .   (no shield)
rNeg     + + .     Faith    .   c - +0 robe
rPois    ∞         Spirit   .   h - +1 helmet
rElec    +         Reflect  .   (no cloak)
rCorr    .         Harm     .   (no gloves)
MR       .....                  B - +0 pair of boots
Stlth    +++.......             (no amulet)
HPRegen  0.20/turn              v - +4 ring of protection
MPRegen  0.17/turn              q - +2 ring of protection

@: very slightly contaminated
A: hooves 1, see invisible, negative energy resistance 1, electricity
resistance, weak 1, unbreathing, petrification resistance, rot immunity, AC +8
a: Renounce Religion, Evoke Flight


You were on level 11 of the Dungeon.
You worshipped Vehumet.
Vehumet was most pleased with you.
You were not hungry.

You visited 2 branches of the dungeon, and saw 12 of its levels.

You collected 1911 gold pieces.

Inventory:

Hand Weapons
 e - a +2 flail of crushing
 j - the +8 rapier of the Countless Hells (weapon) {speed, +Fly rN+ Stlth+}
   (You found it on level 5 of the Dungeon)

   Attacks with this weapon are significantly faster.
   It protects you from negative energy.
   It lets you fly.
   It makes you more stealthy.
 s - a +2 rapier of electrocution
 t - a +0 flail
 w - a +0 flail of holy wrath
 z - a +1 dire flail of draining
Missiles
 b - 435 stones (quivered)
 k - 3 throwing nets
Armour
 c - a +0 robe (worn)
 h - a +1 helmet (worn)
 B - a +0 pair of boots (worn)
Jewellery
 a - an uncursed ring of see invisible
 q - a +2 ring of protection (right hand)
 v - a +4 ring of protection (left hand)
Wands
 n - a wand of acid (17)
 y - a wand of scattershot (2)
 A - a wand of digging (4)
 H - a wand of flame (10)
 I - a wand of iceblast (7)
Scrolls
 g - 7 scrolls of remove curse
 i - 5 scrolls of teleportation
 u - a scroll of blinking
 x - a scroll of amnesia
 E - a scroll of magic mapping
Potions
 f - a potion of haste
 l - 3 potions of flight
 m - a potion of brilliance
 o - a potion of agility
 p - 2 potions of cancellation
 r - a potion of lignification
 C - 3 potions of curing
 D - a potion of resistance
 F - a potion of might
Comestibles
 d - 18 rations
 G - 7 chunks of flesh


   Skills:
 + Level 5.8 Fighting
 + Level 5.4 Maces & Flails
 + Level 5.8 Armour
 + Level 4.8 Dodging
 - Level 2.1 Stealth
 + Level 7.2 Spellcasting
 + Level 7.7 Conjurations
   Level 0.7 Transmutations
 * Level 4.4 Fire Magic
 + Level 9.6 Earth Magic
 + Level 5.0 Evocations


You had 10 spell levels left.
You knew the following spells:

 Your Spells              Type           Power        Failure   Level  Hunger
a - Sandblast             Erth           #####.       1%          1    None
b - Stone Arrow           Conj/Erth      #####.       1%          3    #......
c - Lee's Rapid Deconstr  Erth           #####.....   1%          5    #####..
d - Bolt of Magma         Conj/Fire/Erth #####.....   3%          5    #####..

Your spell library contained the following spells:

 Spells                   Type           Power        Failure   Level  Hunger
 Conjure Flame            Conj/Fire      ####....     1%          3    #......
 Passwall                 Tmut/Erth      ####....     1%          2    None
 Dazzling Flash           Conj/Hex       ###...       1%          3    #......
 Animate Skeleton         Necr           N/A          10%         1    None
 Apportation              Tloc           #.....       10%         1    None
 Corona                   Hex            #......      10%         1    None
 Summon Small Mammal      Summ           #...         10%         1    None
 Petrify                  Tmut/Erth      ####....     11%         4    ###....
 Iskenderun's Battlesphe  Conj/Chrm      ###.....     13%         5    #####..
 Ensorcelled Hibernation  Hex/Ice        #.....       14%         2    None
 Confusing Touch          Hex            #.......     28%         3    #......
 Gell's Gravitas          Tloc           #.........   28%         3    #......
 Tukima's Dance           Hex            #.......     28%         3    #......
 Yara's Violent Unravell  Hex/Tmut       #.........   47%         5    #####..
 Metabolic Englaciation   Hex/Ice        #.........   95%         5    #####..


Dungeon Overview and Level Annotations

Branches:
Dungeon (11/15)            Temple (1/1) D:7            Lair (0/6) D:8
    Orc: D:9-12

Altars:
Ashenzari
Cheibriados
Dithmenos
Elyvilon
Fedhas
Gozag
Hepliaklqana
Kikubaaqudgha
Makhleb
Nemelex Xobeh
Okawaru
Qazlal
Ru
Sif Muna
Trog
Uskayaw
Vehumet
Wu Jian
Xom
Yredelemnul
Zin
The Shining One

Shops:
D:6 :   D:9 *


Innate Abilities, Weirdness & Mutations

You are resistant to torment.
Your stone body is resilient. (AC +8)
You are immune to poison.
You resist negative energy. (rN+)
You are resistant to electric shocks. (rElec)
You can survive without breathing.
You are immune to petrification.
You are immune to rotting.
You have large cloven feet.
You have supernaturally acute eyesight. (SInv)
You are weak. (Str -2)


Message History

The orc wizard gestures at you while chanting.
The puff of flame hits you!
* * * LOW HITPOINT WARNING * * *
The hornet stings you but does no damage.
You feel better.
The hornet stings you but does no damage. x2
Unknown command.
Unknown command.
Evoke which item? (* to show all) (? for menu, Esc to quit)
Aiming: Iceblast
Press: ? - help, Shift-Dir - straight line
Okay, then.
Unknown command.
Blink to where?
Press: ? - help, Dir - move target cursor You are very lightly contaminated with residual magic.
As you read the scroll of blinking, it crumbles to dust.
The orc priest calls down the wrath of Beogh upon you.
Beogh smites you!
You die...

#.......#....)'..# #....###
###.......#.....#..# #.......
#.........#######..# #.......
#.......o..........# #.......
#.....ooy..........# +.......
##.....)§...........#####.......
......[†........................
................................
....)...(......@...###########..
.....###########...#.........#.#
..... #...#......[..#.# ....
#<..#......)..#.# ##.
#...#'#######'#.# #.
#..........÷....#
#...............#
#...............#
#################


You could see a hornet, an orc priest and an orc wizard (invisible).

Vanquished Creatures
  Harold (D:7)
  2 two-headed ogres
  Urug (D:11)
  A cyclops (shapeshifter) (D:10)
  An ugly thing (D:11)
  Joseph (D:7)
  A queen bee (D:9)
  2 trolls
  Grinder (D:4)
  3 hippogriffs
  3 yaks (D:9)
  Eustachio (D:4)
  Menkaure (D:7)
  9 ice beasts
  5 orc warriors
  2 sky beasts
  A black bear (D:8)
  4 ogres
  4 wolves (D:8)
  5 centaurs
  2 big kobolds
  A gnoll sergeant (D:8)
  3 bullfrogs
  2 scorpions
  19 killer bees
  2 electric eels (D:8)
  A bullfrog zombie (D:8)
  3 crimson imps
  2 quasits
  3 jellies
  6 bullfrog skeletons
  6 orc priests
  9 hounds
  Terence (D:3)
  5 orc wizards
  6 worker ants
  A killer bee zombie (D:6)
  2 hound skeletons
  A howler monkey zombie (D:8)
  4 worker ant zombies
  Robin (D:2)
  10 gnolls
  A howler monkey skeleton (D:6)
  9 adders
  2 shadow imps
  2 oozes
  An adder skeleton (D:4)
  An adder zombie (D:8)
  A worm (D:5)
  4 dart slugs
  7 leopard geckos
  36 orcs
  6 giant cockroaches
  6 hobgoblins
  16 jackals
  2 quokkas (D:5)
  5 bats
  4 frilled lizards
  19 goblins
  21 kobolds
  A leopard gecko zombie (D:6)
  8 rats
291 creatures vanquished.

Notes
Turn   | Place    | Note
-------+----------+-------------------------------------------
     0 | D:1      | Karazaar the Gargoyle Earth Elementalist began the quest
                  | for the Orb.
     0 | D:1      | Reached XP level 1. HP: 10/10 MP: 3/3
   167 | D:1      | Reached XP level 2. HP: 15/15 MP: 0/5
   250 | D:1      | Reached skill level 4 in Earth Magic
   995 | D:1      | Reached XP level 3. HP: 18/19 MP: 6/6
  1000 | D:1      | Learned a level 3 spell: Stone Arrow
  1266 | D:2      | Found a hide-covered altar of Uskayaw.
  1268 | D:2      | Found a burning altar of Makhleb.
  1323 | D:2      | Reached skill level 1 in Conjurations
  1324 | D:2      | Reached XP level 4. HP: 22/24 MP: 4/8
  1515 | D:2      | Noticed Robin
  1558 | D:2      | Killed Robin
  1851 | D:2      | Found a bloodstained altar of Trog.
  2158 | D:3      | Noticed Terence
  2166 | D:3      | Killed Terence
  2166 | D:3      | Reached skill level 5 in Earth Magic
  2166 | D:3      | Reached XP level 5. HP: 25/28 MP: 0/9
  2178 | D:3      | Learned a level 5 spell: Lee's Rapid Deconstruction
  2975 | D:4      | Found an iron altar of Okawaru.
  3015 | D:4      | Noticed Grinder
  3030 | D:4      | Killed Grinder
  3030 | D:4      | Reached skill level 6 in Earth Magic
  3030 | D:4      | Reached XP level 6. HP: 23/32 MP: 10/12
  3032 | D:4      | Reached XP level 7. HP: 26/36 MP: 8/13
  3244 | D:4      | Noticed Eustachio
  3253 | D:4      | Killed Eustachio
  3705 | D:5      | Entered Level 5 of the Dungeon
  3725 | D:5      | Reached skill level 5 in Spellcasting
  3725 | D:5      | Reached skill level 7 in Earth Magic
  3743 | D:5      | Reached XP level 8. HP: 30/42 MP: 4/15
  4050 | D:5      | Got an ichor-stained rapier
  4051 | D:5      | Identified the +8 rapier of the Countless Hells {speed,
                  | +Fly rN+ Stlth+} (You found it on level 5 of the Dungeon)
  4074 | D:5      | Reached skill level 1 in Fighting
  4074 | D:5      | Reached skill level 1 in Maces & Flails
  4074 | D:5      | Reached skill level 1 in Armour
  4083 | D:5      | Reached skill level 5 in Conjurations
  4083 | D:5      | Reached skill level 1 in Evocations
  4640 | D:6      | Found a blossoming altar of Fedhas.
  5040 | D:6      | Found a shimmering altar of Xom.
  5287 | D:6      | Found Leyxzymm's Book Boutique.
  5385 | D:7      | Found a stormy altar of Qazlal.
  5626 | D:7      | Found a staircase to the Ecumenical Temple.
  5638 | Temple   | Entered the Ecumenical Temple
  5722 | D:7      | Noticed Joseph
  5788 | D:7      | Noticed Harold
  5964 | D:7      | Noticed Menkaure
  5975 | D:7      | Gained mutation: You have large cloven feet. [potion of
                  | mutation]
  5975 | D:7      | Gained mutation: You are weak. (Str -2) [potion of
                  | mutation]
  5975 | D:7      | Gained mutation: You have supernaturally acute eyesight.
                  | (SInv) [potion of mutation]
  5977 | D:7      | Noticed a hippogriff
  5984 | D:7      | Killed Harold
  5984 | D:7      | Reached XP level 9. HP: 32/50 MP: 3/17
  5987 | D:7      | Killed Menkaure
  5990 | D:7      | Reached skill level 8 in Earth Magic
  6011 | D:7      | Killed Joseph
  6403 | D:7      | Found a glowing silver altar of Zin.
  6421 | D:7      | Found a radiant altar of Vehumet.
  6505 | D:7      | Became a worshipper of Vehumet
  6599 | D:7      | Found a shadowy altar of Dithmenos.
  6982 | D:8      | Reached XP level 10. HP: 45/56 MP: 1/19
  7235 | D:9      | Found a bloodstained altar of Trog.
  7557 | D:8      | Found a staircase to the Lair.
  7574 | D:8      | Reached * piety under Vehumet
  7574 | D:8      | Offered knowledge of Foxfire by Vehumet.
  7838 | D:8      | Identified 3 scrolls of acquirement
  7838 | D:8      | Identified the +1 pair of boots of Vossieqa {+Blink rN+
                  | Dex+2 Stlth-} (You acquired it on level 8 of the Dungeon)
  7838 | D:8      | Identified the ring of Pioli {MR+ Str+2 Int+2 Dex-5} (You
                  | acquired it on level 8 of the Dungeon)
  7862 | D:8      | Identified the Grimoire of the Helpful Blaze (You acquired
                  | it on level 8 of the Dungeon)
  7870 | D:8      | Learned a level 5 spell: Bolt of Magma
  8030 | D:8      | Found an ornate altar of the Wu Jian Council.
  8113 | D:8      | Reached skill level 1 in Fire Magic
  8279 | D:9      | Reached ** piety under Vehumet
  8283 | D:9      | Offered knowledge of Magic Dart by Vehumet.
  8316 | D:9      | Reached skill level 9 in Earth Magic
  8358 | D:9      | Reached skill level 5 in Fighting
  8363 | D:9      | Reached skill level 5 in Armour
  8495 | D:9      | Reached XP level 11. HP: 63/63 MP: 21/21
  8508 | D:9      | Noticed a two-headed ogre
  8522 | D:9      | Killed a two-headed ogre
  8717 | D:9      | Offered knowledge of Ignite Poison by Vehumet.
  8726 | D:9      | Reached skill level 5 in Maces & Flails
  9011 | D:9      | Found Jasauneu's General Store.
  9157 | D:9      | Reached *** piety under Vehumet
  9318 | D:10     | Entered Level 10 of the Dungeon
  9717 | D:10     | Noticed a cyclops
  9721 | D:10     | Killed a cyclops
 10135 | D:11     | Noticed an unseen horror
 10141 | D:11     | Offered knowledge of Conjure Flame by Vehumet.
 10422 | D:11     | Noticed a white ugly thing
 10431 | D:11     | Killed a white ugly thing
 10472 | D:11     | Noticed a two-headed ogre
 10550 | D:11     | Killed a two-headed ogre
 10550 | D:11     | Reached skill level 5 in Evocations
 10632 | D:11     | Noticed Urug
 10638 | D:11     | Killed Urug
 10654 | D:11     | Killed from afar by an orc priest

Levels and vault maps discovered:
D:1:      scummos_arrival_simple_fountains, layout_loops_ring,
          minmay_heptomino_h4
D:2:      layout_basic, grunt_temple_overflow_open, first_ration,
          trog_three_pillars_becter, uniq_robin
D:3:      layout_loops_ring, uniq_terence
D:4:      layout_basic, kennysheep_okawaru_gauntlet, uniq_eustachio,
          uniq_grinder
D:5:      layout_rooms, serial_corexii_hall, corexii_hall_statues_s,
          chequers_hall_statues_corner_a
D:6:      layout_basic, lemuel_crystal_altar, fedhas_altar_1, serial_shops, shop
D:7:      layout_layer_cave, nicolae_dithmenos_the_darkroom,
          lemuel_crystal_altar, lemuel_crystal_altar, grunt_qazlal_clouds,
          minmay_temple_entry_glassed_door, uniq_harold, uniq_joseph,
          uniq_menkaure
D:8:      layout_rooms, lemuel_doored_altar, erik_lair_island
D:9:      layout_small_grid, lemuel_round_altar, serial_shops, shop_statue,
          david_nohive_1
D:10:     layout_loops_ring, grunt_ministairs_10
D:11:     layout_irregular_city, due_unseen_surprise, uniq_urug
Temple:   minmay_temple_bridge_abc

Skill      XL: |  1  2  3  4  5  6  7  8  9 10 11 |
---------------+----------------------------------+-----
Earth Magic    | 4 5 6 7 8 9 |  9.6
Conjurations   | 1 2 3 4 5 6 7 |  7.7
Spellcasting   | 3 4 5 6 7 |  7.2
Fighting       | 3 5 |  5.8
Maces & Flails | 2 3 4 5 |  5.4
Armour         | 3 5 |  5.8
Dodging        | 2 3 4 |  4.8
Evocations     | 2 3 4 5 |  5.0
Fire Magic     | 2 4 |  4.4
Stealth        | |  2.1
Transmutations | |  0.7

Action                   |  1- 3 |  4- 6 |  7- 9 | 10-12 || total
-------------------------+-------+-------+-------+-------++-------
Melee: Unarmed           |    13 |       |       |       ||    13
       Short sword       |    81 |       |       |       ||    81
       Club              |    25 |       |       |       ||    25
       Dagger            |       |   115 |    48 |       ||   163
       Rapier            |       |       |   154 |   298 ||   452
       Kick              |       |       |     7 |    35 ||    42
 Cast: Sandblast         |    14 |    24 |    25 |    62 ||   125
       Stone Arrow       |       |     2 |     7 |     9 ||    18
       Lee's Rapid Decon |       |       |    11 |    27 ||    38
       Bolt of Magma     |       |       |       |     4 ||     4
Evoke: Wand              |       |    12 |     3 |    14 ||    29
  Use: Scroll            |     4 |     3 |     8 |    11 ||    26
       Potion            |       |     1 |     8 |     2 ||    11
 Stab: Sleeping          |     9 |     3 |    10 |     5 ||    27
  Eat: Chunk             |     2 |     5 |    10 |    20 ||    37
       Ration            |       |       |     2 |       ||     2
Armor: Robe              |    49 |    38 |    62 |   156 ||   305
Dodge: Dodged            |    94 |    45 |   126 |   225 ||   490

Table legend:
 A = Non-vault XP
 B = Vault XP
 C = Vault XP percentage of total XP
 D = Non-vault monster count
 E = Vault monster count
 F = Vault count percentage of total count
                 A         B        C        D         E       F
            +---------+---------+-------+---------+---------+-------
      Total |   10941 |    5372 |  32.9 |     237 |      54 |  18.6
            +---------+---------+-------+---------+---------+-------
        D:1 |      31 |       5 |  13.9 |      19 |       3 |  13.6
        D:2 |      60 |      39 |  39.4 |      21 |      13 |  38.2
        D:3 |     139 |      38 |  21.5 |      14 |       1 |   6.7
        D:4 |     283 |     472 |  62.5 |      15 |       4 |  21.1
        D:5 |     642 |       0 |   0.0 |      21 |       0 |   0.0
        D:6 |     307 |       0 |   0.0 |      12 |       0 |   0.0
        D:7 |     654 |    1601 |  71.0 |      17 |       3 |  15.0
        D:8 |    2450 |     888 |  26.6 |      46 |       8 |  14.8
        D:9 |    2921 |    1105 |  27.4 |      31 |      14 |  31.1
       D:10 |     977 |     393 |  28.7 |      11 |       7 |  38.9
       D:11 |    2477 |     831 |  25.1 |      30 |       1 |   3.2
            +---------+---------+-------+---------+---------+-------
